AoeStats
← ogipochi_

Black Forest

509364069Analyzed
4v4 RM · 7d ago on Sep 26, 2026· 62m 11s· 8 players
Game mode
Random Map
Map size
Large (8 player)
Population
200
Speed
Normal
Resources
Standard
Victory
Conquest
Starting age
Dark Age
Ending age
Imperial Age
RankedLock teamsTeams togetherTeam positionsShared explorationLock speedFull tech treeHidden civsTurbo modeCheats
Victory
Defeat
🇨🇳 Khmer · China
831
+13
🇺🇸 Vikings · United States
829
+13
🇨🇦 Varangians · Canada
775
+15
🇯🇵 Saxons · Japan
773
+15
🇬🇧 Turks · United Kingdom
883
-18
🇬🇧 Danes · United Kingdom
849
-18
🇬🇧 Japanese · United Kingdom
655
-10
🇬🇧 Britons · United Kingdom
641
-10
ogipochi_
0:43 Loom
11:44 Feudal Age
12:10 Horse Collar
12:17 Double-Bit Axe
13:13 Wheelbarrow
12:24 Town Watch
12:38 Gold Mining
12:41 Stone Mining
18:25 Castle Age
16:30 Man-at-Arms
17:55 Forging
18:20 Scale Mail Armor
18:18 Arson
19:41 Squires
21:57 Bow Saw
24:07 Long Swordsman
24:33 Gambesons
27:59 Pikeman
32:57 Imperial Age
32:42 Chain Mail Armor
33:13 Iron Casting
33:03 Capped Ram
33:06 Two-Handed Swordsman
34:11 Conscription
33:14 Shield Wall
35:02 Plate Mail Armor
35:01 Conscription
35:32 Champion
36:36 Halberdier
38:04 Elite Varangian Guard
40:11 Caravan
54:57 Gold Shaft Mining
54:59 Hand Cart
Krypp
13:15 Feudal Age
19:13 Castle Age
17:22 Double-Bit Axe
18:33 Horse Collar
20:51 Bow Saw
24:39 Gold Mining
29:20 Imperial Age
29:42 Heavy Plow
30:45 Forging
30:35 Scale Mail Armor
31:04 Ballistics
31:44 Chemistry
33:06 Caravan
34:19 Fletching
34:30 Padded Archer Armor
34:37 Scale Barding Armor
35:07 Iron Casting
35:48 Elite Varangian Guard
40:35 Elite Jarl
40:43 Gothikon
43:47 Bodkin Arrow
50:51 Chain Barding Armor
57:05 Plate Barding Armor
60:14 Husbandry
59:35 Cavalier
60:26 Bloodlines
59:36 Light Cavalry
recentbutdecent
11:00 Feudal Age
11:30 Horse Collar
11:37 Double-Bit Axe
20:30 Castle Age
19:20 Forging
19:11 Scale Mail Armor
22:40 Bow Saw
26:29 Heavy Plow
31:00 Imperial Age
29:47 Scale Mail Armor
30:24 Iron Casting
30:34 Arson
30:50 Squires
32:18 Chain Mail Armor
33:55 Blast Furnace
33:29 Conscription
34:42 Plate Mail Armor
37:17 Elite Varangian Guard
39:43 Chieftains
44:00 Elite Berserk
54:07 Padded Archer Armor
53:58 Fletching
54:33 Ballistics
55:14 Chemistry
hui
2:00 Loom
13:37 Feudal Age
17:07 Wheelbarrow
19:36 Castle Age
18:43 Double-Bit Axe
22:03 Horse Collar
26:46 Gold Mining
27:33 Bow Saw
27:54 Stone Mining
28:33 Town Watch
29:11 Heavy Plow
29:35 Scale Barding Armor
29:54 Bloodlines
31:43 Gold Shaft Mining
35:45 Imperial Age
33:16 Fletching
33:31 Padded Archer Armor
34:15 Stone Shaft Mining
35:12 Hand Cart
34:57 Bodkin Arrow
35:13 Husbandry
36:49 Conscription
36:32 Double Crossbow
37:53 Elite Ballista Elephant
39:35 Ballistics
40:16 Chemistry
38:50 Light Cavalry
40:03 Leather Archer Armor
40:30 Hussar
41:53 Forging
42:24 Fortified Wall
42:43 Chain Barding Armor
47:34 Town Patrol
47:36 Bracer
48:07 Ring Archer Armor
48:13 Plate Barding Armor
51:12 Iron Casting
60:45 Blast Furnace
60:31 Hoardings
59:29 Sappers
raybae2000
0:32 Loom
13:41 Feudal Age
17:49 Castle Age
16:07 Double-Bit Axe
16:14 Gold Mining
16:19 Horse Collar
19:28 Bow Saw
19:35 Heavy Plow
20:20 Gold Shaft Mining
22:21 Wheelbarrow
23:56 Hand Cart
31:33 Imperial Age
30:38 Hamask
32:12 Gambesons
31:48 Man-at-Arms
31:48 Pikeman
32:28 Squires
32:14 Arson
31:49 Elite Varangian Guard
33:22 Fletching
33:43 Forging
33:33 Scale Mail Armor
33:21 Town Watch
33:04 Long Swordsman
33:07 Onager
34:14 Ballistics
34:06 Masonry
34:41 Conscription
34:07 Two-Handed Swordsman
35:16 Champion
36:47 Iron Casting
36:27 Chain Mail Armor
36:07 Bodkin Arrow
36:50 Bodkin Arrow
38:50 Blast Furnace
38:58 Plate Mail Armor
40:11 Bracer
40:34 Northmen's Fury
41:51 Hoardings
44:58 Town Patrol
45:29 Siege Onager
47:16 Caravan
Bourny96
0:33 Loom
15:26 Feudal Age
21:20 Castle Age
19:27 Double-Bit Axe
19:34 Horse Collar
24:27 Wheelbarrow
25:45 Heavy Plow
27:17 Hand Cart
28:54 Gold Mining
29:05 Fletching
29:22 Scale Barding Armor
30:10 Bodkin Arrow
30:26 Forging
32:37 Ballistics
34:51 Imperial Age
35:44 Bracer
36:05 Chain Barding Armor
38:26 Caravan
38:54 Artillery
38:15 Elite Janissary
39:11 Bloodlines
40:20 Heavy Camel Rider
46:24 Plate Barding Armor
46:25 Iron Casting
45:51 Padded Archer Armor
45:51 Scale Mail Armor
47:49 Conscription
Chilveyy
0:48 Loom
14:44 Feudal Age
15:11 Double-Bit Axe
16:03 Wheelbarrow
15:49 Horse Collar
18:33 Gold Mining
18:07 Man-at-Arms
23:40 Castle Age
23:39 Arson
24:34 Heavy Plow
24:50 Bow Saw
24:34 Stone Mining
25:23 Gold Shaft Mining
27:12 Town Watch
28:26 Long Swordsman
30:20 Forging
30:14 Scale Mail Armor
31:46 Hand Cart
35:07 Imperial Age
33:37 Pikeman
35:07 Fortified Wall
35:21 Masonry
35:08 Murder Holes
35:12 Two-Handed Swordsman
37:13 Iron Casting
36:53 Chain Mail Armor
37:06 Squires
37:28 Chain Mail Armor
37:39 Caravan
39:37 Champion
41:15 Gambesons
42:19 Town Patrol
46:54 Blast Furnace
46:24 Plate Mail Armor
45:20 Halberdier
47:43 Elite Samurai
51:26 Ballistics
52:10 Chemistry
51:02 Onager
52:35 Hoardings
60:26 Conscription
OGL Chilv
0:41 Loom
13:58 Feudal Age
16:58 Horse Collar
21:15 Castle Age
20:48 Gold Mining
23:27 Heavy Plow
23:16 Double-Bit Axe
26:31 Gold Shaft Mining
25:48 Stone Mining
26:07 Padded Archer Armor
25:59 Fletching
33:34 Imperial Age
31:37 Caravan
33:04 Leather Archer Armor
32:46 Bodkin Arrow
33:24 Ballistics
39:56 Pikeman
39:56 Man-at-Arms
40:53 Halberdier
42:26 Crossbowman
43:18 Arbalester
Connection lost

Rejoining the realm…

Still unreachable

The connection could not be restored.

Session expired

The server has moved on; the page needs a fresh start.